 Dungeon Crawl Stone Soup version 0.31.0-11-ge490571c62 (webtiles) character file.

Game seed: 10643685869097418229

65 qw the Shooter (level 3, -2/18 HPs)
             Began as a Spriggan Hunter on Feb 4, 2024.
             Slain by a kobold
             ... wielding a +0 whip
              (4 damage)
             ... on level 2 of the Dungeon.
             The game lasted 00:00:02 (470 turns).

qw the Shooter (Spriggan Hunter)                     Turns: 470, Time: 00:00:02

Health: -2/18      AC:  2    Str:  7    XL:     3   Next: 92%
Magic:  4/4        EV: 19    Int: 10    God:
Gold:   33         SH:  0    Dex: 20    Spells: 2/2 levels left

rFire   . . .        a - +0 shortbow
rCold   . . .        (shield currently unavailable)
rNeg    . . .        c - +0 robe
rPois   +            (helmet restricted)
rElec   .            (no cloak)
rCorr   .            (gloves unavailable)
SInv    +            (boots unavailable)
Will    .....        (no amulet)
Stlth   ++           e - ring of poison resistance
HPRegen 0.23/turn    (no ring)
MPRegen 0.09/turn

%: no passive effects
@: very quick
A: very small, no large weapons, unfitting armour, see invisible, speed 3
a: no special abilities


You were on level 2 of the Dungeon.
You visited 1 branch of the dungeon, and saw 2 of its levels.

You collected 33 gold pieces.


Innate Abilities, Weirdness & Mutations

You are very small and have problems with some larger weapons.
You are too small for most types of armour.
You have supernaturally acute eyesight. (SInv)
You cover ground extremely quickly. (Speed+++)


   Skills:
 - Level 1.5 Fighting
 - Level 5.1 Ranged Weapons
 + Level 4.0 Dodging
 - Level 1.5 Stealth


You had 2 spell levels left.
You didn't know any spells.
Your spell library was empty.

Inventory:

Hand Weapons
 a - a +0 shortbow (weapon)
Armour
 c - a +0 robe (worn)
Jewellery
 e - a ring of poison resistance (left hand)
Potions
 d - a potion of mutation {unknown}

Dungeon Overview and Level Annotations

Branches:
Dungeon (2/15)

Altars:


Message History

You climb downwards.
Level annotation: Natasha Natasha stares at you and mumbles some strange words.
You resist with some effort.
A ball python comes into view.
There is a stone staircase leading up here.
461 ||| RETREEEEATING.
The orc shouts! x2
462 ||| RETREEEEATING.
463 ||| RETREEEEATING.
The kobold throws a stone.
The stone barely misses you.
You shoot an arrow. The arrow hits Natasha.
Natasha is moderately wounded.
You shoot an arrow. The arrow closely misses Natasha.
Natasha casts a spell at you. The magic dart hits you!
Ouch! That really hurt!
You shoot an arrow. The arrow hits Natasha!
Natasha is severely wounded.
The orc misses you. The orc closely misses you. Natasha misses you.
The kobold throws a stone.
The stone misses you.
You shoot an arrow. The arrow misses Natasha.
The orc closely misses you. x2; Natasha completely misses you.
The orc closely misses you.
A giant cockroach comes into view.
You shoot an arrow. The arrow hits Natasha.
You kill Natasha!
Natasha growls in agony!
The kobold completely misses you.
The orc hits you from afar with a +0 trident.
Your Ranged Weapons skill increases to level 5!
You shoot an arrow. The arrow hits the orc wizard.
The orc wizard is lightly wounded.
The orc misses you. The kobold hits you with a +0 whip.
The orc wizard misses you. The orc misses you.
You shoot an arrow.
The arrow hits the orc wizard but does no damage.
The orc wizard is lightly wounded.
The orc barely misses you. The kobold hits you with a +0 whip.
You die...

.....#######
.. #.........#
...
#........##...
#........#....
#...B........
#........#
#....<.So#
#......oo#
#....)oK@#
##########


You could see an orc wizard, 3 orcs, a giant cockroach, a ball python and a
kobold.

Vanquished Creatures
  An orc priest (D:1)
  Natasha (D:2)
  A dart slug (D:1)
  An endoplasm (D:1)
  A giant cockroach (D:1)
  A hobgoblin (D:1)
  A kobold (D:1)
  A quokka (D:1)
  A ball python (D:1)
  3 rats
12 creatures vanquished.

Notes
Turn   | Place    | Note
-------+----------+-------------------------------------------
     0 | D:1      | qw the Spriggan Hunter began the quest for the Orb.
     0 | D:1      | Reached XP level 1. HP: 10/10 MP: 2/2
     0 | D:1      | 0 ||| qw: Version: 0.3-a-160-g6735b56
     0 | D:1      | 0 ||| qw: Game counter: 5738
     0 | D:1      | 0 ||| qw: Melee chars always use a shield: true
     0 | D:1      | 0 ||| qw: God list: Okawaru
     0 | D:1      | 0 ||| qw: Allow faded altars: false
     0 | D:1      | 0 ||| qw: Do Orc after clearing Dungeon:15 true
     0 | D:1      | 0 ||| qw: Do second Lair branch before Depths: true
     0 | D:1      | 0 ||| qw: Lair rune preference: random
     0 | D:1      | 0 ||| qw: Goals: Normal
     0 | D:1      | 0 ||| PLANNING D:1-11
    20 | D:1      | Reached skill level 3 in Dodging
   149 | D:1      | Reached XP level 2. HP: 6/14 MP: 3/3
   427 | D:1      | 427 ||| UPGRADING to ring of poison resistance.
   428 | D:1      | 428 ||| DROPPING scroll of butterflies.
   433 | D:2      | Noticed Natasha
   437 | D:2      | 437 ||| STAIRDANCE
   453 | D:2      | 453 ||| STAIRDANCE
   459 | D:1      | Reached XP level 3. HP: 18/18 MP: 4/4
   461 | D:2      | 461 ||| RETREEEEATING.
   462 | D:2      | 462 ||| RETREEEEATING.
   463 | D:2      | 463 ||| RETREEEEATING.
   468 | D:2      | Killed Natasha
   468 | D:2      | HP: 4/18 [orc/+0 trident (6)]
   469 | D:2      | Reached skill level 5 in Ranged Weapons
   469 | D:2      | HP: 1/18 [kobold/+0 whip (3)]
   470 | D:2      | Slain by a kobold

Levels and vault maps discovered:
D:1:      dpeg_arrival_simpleton_c, layout_rooms
D:2:      layout_rooms, uniq_natasha, uniq_robin

Skill      XL: |  1  2  3 |
---------------+----------+-----
Dodging        | 3 4 |  4.0
Ranged Weapons | 5 |  5.1
Fighting       | |  1.5
Stealth        | |  1.5

Action                     || total
---------------------------++-------
   Fire: Shortbow          ||    42
 Armour: Robe              ||     7
  Dodge: Dodged            ||    27

Table legend:
 A = Non-vault XP
 B = Vault XP
 C = Vault XP percentage of total XP
 D = Non-vault monster count
 E = Vault monster count
 F = Vault count percentage of total count
                 A         B        C        D         E       F
            +---------+---------+-------+---------+---------+-------
      Total |      58 |      35 |  37.6 |      11 |       1 |   8.3
            +---------+---------+-------+---------+---------+-------
        D:1 |      57 |       0 |   0.0 |      10 |       0 |   0.0
        D:2 |       1 |      35 |  97.2 |       1 |       1 |  50.0
            +---------+---------+-------+---------+---------+-------
